[Event "3rd Matrix Cup 2024"]
[Site "New Delhi"]
[Date "2024.04.07"]
[Round "1.1"]
[White "Aronyak Ghosh"]
[Black "Richard, Samuel"]
[Result "1-0"]
[ECO "A29"]
[WhiteElo "2517"]
[BlackElo "1737"]
[Annotator "TA"]
[PlyCount "43"]
[EventDate "2024.04.07"]
[EventType "swiss"]
[EventCountry "IND"]
[SourceTitle "playchess.com"]
[Source "ChessBase"]
[SourceQuality "1"]
[TimeControl "5400+30"]

1. c4 e5 2. Nc3 Nf6 3. Nf3 Nc6 4. g3 d6 5. d4 exd4 6. Nxd4 Be7 7. Bg2 Nxd4 8. Qxd4 c6 9. Bf4 Qb6 10. O-O-O Qxd4 {[%emt 0:00:51] The position is equal.} 11. Rxd4 Be6 12. b3 O-O-O 13. Rhd1 Ne8 14. Ne4 d5 15. cxd5 Bxd5 (15... Rxd5 $14 16. Rxd5 cxd5) 16. Bh3+ (16. Ng5 {looks sharper.} Nc7 17. Bh3+ Be6 18. Rxd8+ Rxd8 19. Rxd8+ Bxd8 20. Bxe6+ Nxe6 21. Nxf7 Nxf4 22. gxf4 Bc7 23. e3) 16... Be6 17. Bxe6+ (17. Rxd8+ {simplifies} Bxd8 18. Bxe6+ fxe6 19. Nc5) 17... fxe6 {[%emt 0:00:11] Black is weak on the dark squares} 18. Rxd8+ Bxd8 {[%emt 0:00:29] [#]} 19. Nc5 $1 $36 {[%emt 0:00:04][%mdl 2048] Keeping Black busy. White is much more active. The black rooks are passive.} Bc7 (19... Nc7 $16) 20. Nxe6 $18 g6 (20... Bb6 {was called for.} 21. f3 Rg8) 21. Kc2 Bxf4 $2 (21... Rg8 $18 22. e4 Bb6) 22. Rd8# {[%emt 0:00:09] Weighted Error Value: White=0.10 (very precise) /Black=0.77.  Mistake:       	---       	Black=4      Inaccurate:     	White=1     	Black=2      OK:         	White=2     	Black=4      Best:        	White=3     	Black=1      Strong:       	White=1     	---} 1-0

[Event "3rd Matrix Cup 2024"]
[Site "New Delhi"]
[Date "2024.04.07"]
[Round "1.2"]
[White "Shashwat Singh"]
[Black "Neelash Saha"]
[Result "0-1"]
[ECO "B12"]
[WhiteElo "1524"]
[BlackElo "2464"]
[Annotator "TA"]
[PlyCount "92"]
[EventDate "2024.04.07"]
[EventType "swiss"]
[EventCountry "IND"]
[SourceTitle "playchess.com"]
[Source "ChessBase"]
[SourceQuality "1"]
[TimeControl "5400+30"]

1. e4 c6 2. d4 d5 3. e5 Bf5 4. Bd3 Bxd3 5. Qxd3 e6 6. Nf3 Ne7 7. Bg5 h6 8. Bh4 (8. Bxe7 $11 Bxe7 9. O-O) 8... Qa5+ 9. c3 {[%emt 0:01:40] Black is slightly better.} Nf5 10. b4 (10. Bg3 $15) 10... Qb6 11. O-O a5 12. bxa5 Qxa5 13. Nbd2 b5 14. g4 Nxh4 15. Nxh4 Be7 (15... Qd8 $17 16. Ng2 h5) 16. Ng2 $15 h5 17. f3 {[%emt 0:10:47] This costs White the game.} (17. f4 $11 {and White stays safe.} hxg4 18. Qg3) 17... Nd7 18. h3 (18. g5 $17) 18... Qb6 $19 19. Rfb1 Ra3 20. Rb3 Nxe5 21. Qe2 Nd7 {[%emt 0:00:23] White must now prevent ...hxg4.} 22. Rxa3 Bxa3 23. Nb3 Qc7 {[%emt 0:00:33] And now ...hxg4 would win.} 24. Qf2 (24. Qe3 $142) 24... hxg4 25. h4 Nf6 26. f4 Ne4 27. Qe2 Rh6 28. Re1 f5 29. Qd3 Be7 30. Nd2 Bxh4 31. Rf1 {[%emt 0:09:41] [#] Wards off Bf2+} Bf2+ $1 32. Rxf2 {[%emt 0:03:14] [#]} Rh1+ $3 {[%emt 0:00:05][%mdl 512] Black mates.} 33. Kxh1 Nxf2+ 34. Kg1 Nxd3 35. Kf1 Nxf4 36. Ne3 Nh3 37. Ke2 Qh2+ 38. Kd1 Nf2+ 39. Ke1 Nd3+ 40. Kd1 g3 41. Kc2 Qe2 42. a3 Qxe3 43. c4 g2 44. c5 g1=Q 45. a4 Qc1+ 46. Kb3 Qb2# {[%emt 0:00:02] Weighted Error Value: White=0.95/Black=0.12 (very precise) .  Mistake:       	White=5     	Black=1      Inaccurate:     	White=1     	---        OK:         	White=5     	Black=9} 0-1

[Event "3rd Matrix Cup 2024"]
[Site "New Delhi"]
[Date "2024.04.07"]
[Round "1.3"]
[White "Pawar, Harshit"]
[Black "Aarnav Rawat"]
[Result "1-0"]
[ECO "B23"]
[WhiteElo "2146"]
[BlackElo "1479"]
[Annotator "RC"]
[PlyCount "83"]
[EventDate "2024.04.07"]
[EventType "swiss"]
[EventCountry "IND"]
[SourceTitle "playchess.com"]
[Source "ChessBase"]
[SourceQuality "1"]
[TimeControl "5400+30"]

1. e4 c5 2. Nc3 d6 3. f4 a6 4. Nf3 Nc6 5. a4 Nf6 6. Bc4 e6 7. Ba2 Be7 8. O-O O-O 9. d3 Qb6 10. Kh1 Nb4 11. Bb3 d5 12. e5 Nd7 13. Ne2 Nc6 14. c3 d4 15. Ba2 Rd8 16. Ng3 Nf8 17. Qe2 Qc7 18. Bd2 f6 19. cxd4 Nxd4 20. Nxd4 cxd4 21. exf6 Bxf6 22. Ne4 Kh8 23. Qh5 Qe7 24. Rae1 g6 25. Qe2 Bg7 26. f5 exf5 27. Bg5 Qe5 28. Bxd8 fxe4 29. Qxe4 Qxe4 30. Rxe4 Bf5 31. Re8 h5 32. h3 Kh7 33. Bc4 Rc8 34. g4 hxg4 35. hxg4 Bxg4 36. Rfxf8 Bxf8 37. Rxf8 b5 38. axb5 axb5 39. Bxb5 Rc1+ 40. Kg2 Bf5 41. Bf6 g5 42. Bxd4 1-0

[Event "3rd Matrix Cup 2024"]
[Site "New Delhi"]
[Date "2024.04.07"]
[Round "1.4"]
[White "Utkrisht Singh"]
[Black "Kumar, Gaurav"]
[Result "1/2-1/2"]
[ECO "E38"]
[WhiteElo "1479"]
[BlackElo "2083"]
[Annotator "RC"]
[PlyCount "85"]
[EventDate "2024.04.07"]
[EventType "swiss"]
[EventCountry "IND"]
[SourceTitle "playchess.com"]
[Source "ChessBase"]
[SourceQuality "1"]
[TimeControl "5400+30"]

1. d4 Nf6 2. c4 e6 3. Nc3 Bb4 4. Qc2 c5 5. Nf3 cxd4 6. Nxd4 Nc6 7. Nxc6 bxc6 8. a3 Be7 9. Bg5 O-O 10. e3 d5 11. Bd3 h6 12. Bh4 e5 13. O-O e4 14. Be2 Qc7 15. Bg3 Bd6 16. Bxd6 Qxd6 17. Rfd1 Qe5 18. cxd5 cxd5 19. Qd2 Be6 20. Qd4 Qg5 21. Kh1 Bg4 22. Qd2 Rad8 23. Rac1 Qh4 24. Kg1 Qg5 25. Kh1 Bxe2 26. Qxe2 Ng4 27. h3 Ne5 28. Rd4 Nd3 29. Rd1 Rfe8 30. Kg1 h5 31. Na2 Re6 32. h4 Qf5 33. Nb4 Ne5 34. Nxd5 Rxd5 35. Rxd5 Rg6 36. Rxe5 Qxe5 37. g3 Rg4 38. Kg2 Qe7 39. Qd2 Kh7 40. Qd8 Qe6 41. Qf8 Qf6 42. Rd8 Qf3+ 43. Kg1 1/2-1/2

[Event "3rd Matrix Cup 2024"]
[Site "New Delhi"]
[Date "2024.04.07"]
[Round "1.5"]
[White "Singh, Arvinder Preet"]
[Black "Abhigyan Mehta"]
[Result "1-0"]
[ECO "B76"]
[WhiteElo "2064"]
[BlackElo "1478"]
[Annotator "RC"]
[PlyCount "55"]
[EventDate "2024.04.07"]
[EventType "swiss"]
[EventCountry "IND"]
[SourceTitle "playchess.com"]
[Source "ChessBase"]
[SourceQuality "1"]
[TimeControl "5400+30"]

1. e4 c5 2. Nf3 d6 3. d4 cxd4 4. Nxd4 Nf6 5. Nc3 g6 6. Be3 Bg7 7. f3 O-O 8. Qd2 Nc6 9. O-O-O Bd7 10. g4 a6 11. h4 h5 12. Nd5 Rc8 13. Nxf6+ Bxf6 14. gxh5 Qc7 15. Nxc6 Bxc6 16. hxg6 fxg6 17. Bc4+ d5 18. exd5 Bb5 19. Bxb5 axb5 20. Qd3 Kf7 21. h5 Rg8 22. hxg6+ Rxg6 23. Rh7+ Bg7 24. Qf5+ Rf6 25. Rxg7+ Kxg7 26. Rg1+ Kf7 27. Qh5+ Kf8 28. Qh8+ 1-0

[Event "3rd Matrix Cup 2024"]
[Site "New Delhi"]
[Date "2024.04.07"]
[Round "1.6"]
[White "Aarush Mathur"]
[Black "Ram Prakash, R."]
[Result "0-1"]
[ECO "E91"]
[WhiteElo "1477"]
[BlackElo "2191"]
[Annotator "RC"]
[PlyCount "74"]
[EventDate "2024.04.07"]
[EventType "swiss"]
[EventCountry "IND"]
[SourceTitle "playchess.com"]
[Source "ChessBase"]
[SourceQuality "1"]
[TimeControl "5400+30"]

1. e4 c6 2. d4 g6 3. c4 Bg7 4. Nc3 d6 5. Nf3 Nf6 6. Be2 O-O 7. O-O a6 8. Be3 b5 9. b3 b4 10. e5 Ng4 11. Ne4 dxe5 12. h3 Nxe3 13. fxe3 f5 14. Nc5 Bh6 15. Qd2 exd4 16. Qxd4 Qxd4 17. exd4 e5 18. Kf2 exd4 19. Nxd4 Re8 20. Nc2 Ra7 21. Bf3 Bf8 22. Nd3 Rd7 23. Ncxb4 a5 24. Nxc6 Rxd3 25. Nxb8 Bc5+ 26. Kg3 Bd6+ 27. Kf2 Rd2+ 28. Kg1 Bxb8 29. Rfe1 Be5 30. a3 Kf8 31. Rab1 g5 32. b4 g4 33. hxg4 fxg4 34. Be4 Bd4+ 35. Kh2 Bf2 36. b5 g3+ 37. Kh1 Re6 0-1

[Event "3rd Matrix Cup 2024"]
[Site "New Delhi"]
[Date "2024.04.07"]
[Round "1.7"]
[White "Ishvi Aggarwal"]
[Black "Barolia, Arihan"]
[Result "1-0"]
[ECO "D11"]
[WhiteElo "1959"]
[BlackElo "1477"]
[Annotator "RC"]
[PlyCount "47"]
[EventDate "2024.04.07"]
[EventType "swiss"]
[EventCountry "IND"]
[SourceTitle "playchess.com"]
[Source "ChessBase"]
[SourceQuality "1"]
[TimeControl "5400+30"]

1. d4 d5 2. c4 c6 3. Nf3 Nf6 4. g3 Bg4 5. Ne5 h5 6. Nxg4 hxg4 7. Qb3 b6 8. Bg2 e6 9. Nc3 Bd6 10. e4 dxe4 11. Nxe4 Bc7 12. Qa4 O-O 13. Nxf6+ gxf6 14. Qd1 f5 15. h3 e5 16. d5 e4 17. hxg4 e3 18. Bxe3 Re8 19. gxf5 Qg5 20. Qd4 f6 21. O-O-O Qxf5 22. Bh3 Qg6 23. Be6+ Rxe6 24. dxe6 1-0

[Event "3rd Matrix Cup 2024"]
[Site "New Delhi"]
[Date "2024.04.07"]
[Round "1.8"]
[White "Shreyansh Alsisaria"]
[Black "Shubhi Gupta"]
[Result "0-1"]
[ECO "D36"]
[WhiteElo "1477"]
[BlackElo "1953"]
[Annotator "RC"]
[PlyCount "58"]
[EventDate "2024.04.07"]
[EventType "swiss"]
[EventCountry "IND"]
[SourceTitle "playchess.com"]
[Source "ChessBase"]
[SourceQuality "1"]
[TimeControl "5400+30"]

1. d4 d5 2. c4 e6 3. Nc3 Nf6 4. Nf3 Be7 5. Bg5 Nbd7 6. e3 O-O 7. Bd3 c6 8. cxd5 exd5 9. Qc2 Re8 10. O-O h6 11. Bf4 Nf8 12. Rac1 Be6 13. h3 Bd6 14. Ne2 Ne4 15. Ne5 f6 16. Bxe4 dxe4 17. Nc4 Bxf4 18. Nxf4 Bf7 19. Nd2 f5 20. Nc4 g5 21. Ne2 Ng6 22. f3 exf3 23. Qxf5 Nh4 24. Qc2 fxe2 25. Qxe2 Bd5 26. g3 Qc7 27. Qg4 Re4 28. Qxe4 Qxg3+ 29. Qg2 Qxg2# 0-1

[Event "3rd Matrix Cup 2024"]
[Site "New Delhi"]
[Date "2024.04.07"]
[Round "2.1"]
[White "Aabhas Kumar Srivastava"]
[Black "Aronyak Ghosh"]
[Result "0-1"]
[ECO "B15"]
[WhiteElo "1606"]
[BlackElo "2517"]
[Annotator "TA"]
[PlyCount "84"]
[EventDate "2024.04.07"]
[EventType "swiss"]
[EventCountry "IND"]
[SourceTitle "playchess.com"]
[Source "ChessBase"]
[SourceQuality "1"]
[TimeControl "5400+30"]

1. e4 c6 2. d4 d5 3. Nc3 dxe4 4. Nxe4 Nf6 5. Nxf6+ exf6 6. c3 Bd6 7. Bd3 O-O 8. Nf3 Re8+ 9. Be3 Bg4 10. Qc2 {[%emt 0:03:17] White is slightly better.} g6 11. h4 Bf4 12. O-O-O Qd6 (12... Bxe3+ $11 13. fxe3 Rxe3) 13. Rde1 (13. h5 $16 {[%cal Rh5g6] aiming for hxg6.} f5 (13... Bxh5 14. Rxh5 Bxe3+ 15. fxe3 $15) (13... Bxe3+ 14. fxe3 f5 15. hxg6 $16) 14. hxg6 hxg6 (14... Bxe3+ 15. fxe3 hxg6 16. Qf2 $16) 15. Rde1 Bxe3+ 16. fxe3 (16. Rxe3 Rxe3 17. fxe3 Nd7 $11)) 13... Nd7 $11 14. Kb1 c5 15. h5 Bxe3 (15... gxh5 $2 {is the wrong capture.} 16. Bxh7+ Kg7 17. Bf5 Bxf3 18. gxf3 Bxe3 19. fxe3 $18) (15... Bxh5 $11 {remains equal.} 16. Rxh5 gxh5) 16. hxg6 $16 hxg6 17. Bxg6 Bh6 18. Rxe8+ {[%emt 0:13:40][%mdl 8192] This costs White the game.} (18. Rxh6 $16 {[%cal Og6f7] is forced if you want to stay better. White threatens Bxf7+! and mate.} Rxe1+ (18... Bxf3 19. Bxf7+ Kxf7 20. Qg6+ Kf8 21. Rh8#) 19. Nxe1) 18... Rxe8 $19 19. Rxh6 {[%emt 0:01:41][%cal Og6f7] Strongly threatening Bxf7+!} Bxf3 ({And not} 19... fxg6 20. Qxg6+ Kf8 21. Rh8+ Ke7 22. Rxe8#) 20. Rh1 {[%emt 0:08:44] Inhibits Re1+.} Bg4 (20... Bd5 $142 {Threatens to win with ...Qa6.} 21. Bh7+ Kf8) 21. Bxf7+ Kxf7 22. Qh7+ Kf8 23. Qg6 {[%emt 0:00:50] [#] Intending Rh8+ and mate.} Ke7 $1 24. Qxg4 Kd8 25. dxc5 Qxc5 26. Rd1 Qc6 27. Ka1 Kc8 28. Qd4 Nc5 29. Qg4+ Qe6 30. Qd4 b6 31. Rd2 Qf5 32. g3 $2 (32. f3) 32... Re1+ 33. Rd1 Rxd1+ 34. Qxd1 Qxf2 35. g4 Qe3 36. c4 (36. a3 $142) 36... Nd3 37. Kb1 Qe1 38. Qxe1 Nxe1 39. Kc1 Nd3+ (39... Nf3 $142 40. Kc2 Ne5) 40. Kd2 Nxb2 41. Kc3 Nd1+ 42. Kd4 Nf2 {[%emt 0:00:03] Weighted Error Value: White=0.81/Black=0.30.  Loses game:     	White=1     	---        Mistake:       	White=3     	Black=3      Inaccurate:     	White=3     	Black=2      OK:         	White=8     	Black=11     Best:        	White=2     	Black=3      Strong:       	---       	Black=1} 0-1

[Event "3rd Matrix Cup 2024"]
[Site "New Delhi"]
[Date "2024.04.07"]
[Round "2.2"]
[White "Neelash Saha"]
[Black "Ananya Anamika"]
[Result "1-0"]
[ECO "D37"]
[WhiteElo "2464"]
[BlackElo "1606"]
[Annotator "TA"]
[PlyCount "91"]
[EventDate "2024.04.07"]
[EventType "swiss"]
[EventCountry "IND"]
[SourceTitle "playchess.com"]
[Source "ChessBase"]
[SourceQuality "1"]
[TimeControl "5400+30"]

1. d4 d5 2. c4 e6 3. Nf3 Nf6 4. Nc3 Be7 5. Bf4 a6 6. e3 O-O 7. cxd5 exd5 8. Qc2 Bg4 9. Ne5 Nc6 10. Nxg4 {[%emt 0:02:56] White is better.} Nxg4 11. Be2 Nf6 12. Bf3 Bb4 (12... Na5 $14) 13. Bg5 $16 Ne7 14. Bxf6 gxf6 15. O-O Bxc3 16. bxc3 b5 17. e4 {[%emt 0:00:07] White has more active pieces.} c6 18. Rfe1 Qd7 19. Qd2 Ng6 20. Qh6 Rae8 21. Re3 f5 22. exd5 cxd5 23. h4 {[%emt 0:01:16][%cal Bh2h4,Bh4h5][%mdl 32] [#] Black must now prevent h5.} Rxe3 24. fxe3 {[%emt 0:00:06] Threatens to win with h5.} f6 (24... Rc8 $11) 25. h5 Ne7 26. Kf2 $36 {[%emt 0:00:37][%cal Og2g4][%mdl 2048] White has the initiative.} Qc7 27. Rh1 f4 $2 {[#]} (27... Qxc3 $11 {and Black stays safe.} 28. Rh3 Qc2+ 29. Be2 Rf7) 28. Qxf4 (28. exf4 Qxc3 29. Rd1 Qc2+ 30. Kg1 Qxd1+ 31. Bxd1 Nf5 $11) 28... Qxf4 29. exf4 $18 {[%mdl 4096] Endgame. KRB-KRN} Rc8 30. Rc1 b4 (30... Rc4 $16 {might work better.} 31. Bd1 b4) 31. Ke2 (31. Re1 $6 bxc3 32. Ke3 (32. Rxe7 c2 $15) 32... c2 $16) 31... bxc3 ({But not} 31... Rxc3 32. Rxc3 bxc3 33. Kd3) 32. Kd3 c2 (32... a5 $142 33. Rxc3 Rxc3+ 34. Kxc3 Kf7) 33. Rxc2 Rxc2 (33... Rb8 {was called for.} 34. Rc7 Kf8) 34. Kxc2 {KB-KN. White is clearly winning.} Kf8 35. Kb3 Nf5 36. Kc3 (36. Bxd5 Nxd4+ 37. Ka4 Ne2 $18) 36... Ng7 37. g4 (37. Bxd5 Nxh5 38. f5 Ng3 $18) 37... Ne6 38. f5 Nf4 39. Kd2 Ke7 40. Ke3 Nh3 41. Bxd5 Kd6 42. Bb7 a5 43. Bg2 Ng5 44. Kd3 Nf7 45. Kc4 Nd8 46. Kb5 {Weighted Error Value: White=0.11 (very precise) /Black=0.39.  Loses game:     	---       	Black=1      Mistake:       	---       	Black=5      Inaccurate:     	White=3     	Black=4      OK:         	White=13    	Black=6      Best:        	---       	Black=4} 1-0

[Event "3rd Matrix Cup 2024"]
[Site "New Delhi"]
[Date "2024.04.07"]
[Round "2.3"]
[White "Garth Pande"]
[Black "Pawar, Harshit"]
[Result "1/2-1/2"]
[ECO "E94"]
[WhiteElo "1606"]
[BlackElo "2146"]
[Annotator "RC"]
[PlyCount "73"]
[EventDate "2024.04.07"]
[EventType "swiss"]
[EventCountry "IND"]
[SourceTitle "playchess.com"]
[Source "ChessBase"]
[SourceQuality "1"]
[TimeControl "5400+30"]

1. d4 Nf6 2. c4 d6 3. Nc3 g6 4. Nf3 Bg7 5. e4 O-O 6. Be2 Nbd7 7. O-O e5 8. d5 Ne8 9. Bg5 f6 10. Be3 f5 11. exf5 gxf5 12. Ng5 Nc5 13. f4 e4 14. Bd4 Qe7 15. Qd2 a5 16. Rad1 Bd7 17. Bxg7 Qxg7 18. Rfe1 Nf6 19. Qd4 Rae8 20. Bf1 h6 21. Nh3 Kh7 22. Re3 Rg8 23. Rg3 Qf7 24. Qf2 Ng4 25. Qe1 Rg7 26. Nf2 Nf6 27. Nh3 Reg8 28. Rxg7+ Qxg7 29. Qh4 Be8 30. Ng5+ Kh8 31. Ne6 Nxe6 32. dxe6 Bh5 33. Rd2 e3 34. Rc2 Bf3 35. Qh3 Bc6 36. Qxf5 Ng4 37. Nd5 1/2-1/2

[Event "3rd Matrix Cup 2024"]
[Site "New Delhi"]
[Date "2024.04.07"]
[Round "2.4"]
[White "Srikar G V B"]
[Black "Singh, Arvinder Preet"]
[Result "0-1"]
[ECO "B30"]
[WhiteElo "1605"]
[BlackElo "2064"]
[Annotator "RC"]
[PlyCount "112"]
[EventDate "2024.04.07"]
[EventType "swiss"]
[EventCountry "IND"]
[SourceTitle "playchess.com"]
[Source "ChessBase"]
[SourceQuality "1"]
[TimeControl "5400+30"]

1. e4 c5 2. Nf3 Nc6 3. Bb5 Nf6 4. d3 Qa5+ 5. Nc3 Nd4 6. Bc4 b5 7. Bb3 Nxb3 8. cxb3 d6 9. Bd2 b4 10. Ne2 Qb5 11. Bg5 Ba6 12. Nc1 e6 13. O-O Be7 14. Re1 O-O 15. e5 dxe5 16. Nxe5 h6 17. Bh4 Rad8 18. Ne2 Nd5 19. Bxe7 Nxe7 20. Qc2 f6 21. Nc4 Qd7 22. Red1 Nc6 23. Qc1 e5 24. Qe3 Bxc4 25. bxc4 Qe7 26. Rd2 Rfe8 27. Rf1 Qd6 28. Qe4 Qe6 29. Qe3 Nd4 30. a3 a5 31. axb4 axb4 32. Nxd4 Rxd4 33. Ra1 Qd6 34. f3 Rd8 35. Rad1 f5 36. b3 e4 37. fxe4 fxe4 38. Re1 Rxd3 39. Rxd3 exd3 40. Rd1 d2 41. Kf2 Qd3 42. Qe6+ Kh8 43. Qe7 Rd6 44. Kg1 Qd4+ 45. Kh1 Qg4 46. Qf8+ Kh7 47. Qf1 Qe4 48. h3 Rf6 49. Qg1 Qe2 50. Ra1 Rf2 51. Qb1+ Kg8 52. Qg1 Rf8 53. Rb1 Re8 54. Kh2 Qe5+ 55. Kh1 Qe1 56. Rd1 Qxd1 0-1

[Event "3rd Matrix Cup 2024"]
[Site "New Delhi"]
[Date "2024.04.07"]
[Round "2.5"]
[White "Ram Prakash, R."]
[Black "Krishna Kundu"]
[Result "1-0"]
[ECO "B12"]
[WhiteElo "2191"]
[BlackElo "1604"]
[Annotator "RC"]
[PlyCount "85"]
[EventDate "2024.04.07"]
[EventType "swiss"]
[EventCountry "IND"]
[SourceTitle "playchess.com"]
[Source "ChessBase"]
[SourceQuality "1"]
[TimeControl "5400+30"]

1. e4 c6 2. d4 d5 3. e5 c5 4. dxc5 e6 5. a3 Bxc5 6. b4 Bb6 7. Qg4 Ne7 8. Bd3 Ng6 9. Nf3 f5 10. Qh5 O-O 11. Ng5 h6 12. Nxe6 Bxe6 13. Qxg6 Qc8 14. Bxh6 Rf7 15. O-O Nc6 16. Bf4 Bd4 17. c3 Nxe5 18. Qg3 Nxd3 19. cxd4 Qc2 20. Nd2 Rc8 21. Nf3 Rc3 22. Bd2 f4 23. Qh4 Rc6 24. b5 Rc8 25. Ng5 Qxd2 26. Qh7+ Kf8 27. Nxe6+ Ke7 28. Ng5 Rc1 29. Raxc1 Nxc1 30. Qg6 Ne2+ 31. Kh1 Rf8 32. Qxg7+ Ke8 33. Qe5+ Kd7 34. Qxd5+ Ke7 35. Qxb7+ Ke8 36. Qb8+ Ke7 37. Qxa7+ Ke8 38. Qb8+ Ke7 39. Qe5+ Kd7 40. Ne4 Qa2 41. Nc5+ Kc8 42. b6 Ng3+ 43. fxg3 1-0

[Event "3rd Matrix Cup 2024"]
[Site "New Delhi"]
[Date "2024.04.07"]
[Round "2.6"]
[White "Ahaan Alsisaria"]
[Black "Ishvi Aggarwal"]
[Result "0-1"]
[ECO "D37"]
[WhiteElo "1604"]
[BlackElo "1959"]
[Annotator "RC"]
[PlyCount "68"]
[EventDate "2024.04.07"]
[EventType "swiss"]
[EventCountry "IND"]
[SourceTitle "playchess.com"]
[Source "ChessBase"]
[SourceQuality "1"]
[TimeControl "5400+30"]

1. d4 d5 2. c4 e6 3. e3 Nf6 4. Nc3 Be7 5. Nf3 O-O 6. Bd3 dxc4 7. Bxc4 a6 8. a3 b5 9. Bd3 Bb7 10. b4 a5 11. bxa5 c6 12. O-O Rxa5 13. Bb2 Nd5 14. Nxd5 exd5 15. Ne5 Nd7 16. f4 c5 17. Rf3 Nf6 18. Rh3 g6 19. dxc5 Bxc5 20. Ng4 Nxg4 21. Qxg4 f5 22. Qd1 Qb6 23. Kf2 Ra4 24. Be5 Rfa8 25. Bxf5 Rxa3 26. Rxa3 Rxa3 27. Bd3 Ra2+ 28. Be2 b4 29. Kf1 Bxe3 30. Qb1 b3 31. Bb2 Ba6 32. Bxa6 Qxa6+ 33. Ke1 Qa5+ 34. Kf1 Qd8 0-1

[Event "3rd Matrix Cup 2024"]
[Site "New Delhi"]
[Date "2024.04.07"]
[Round "2.7"]
[White "Shubhi Gupta"]
[Black "Singh Myra"]
[Result "1/2-1/2"]
[ECO "D03"]
[WhiteElo "1953"]
[BlackElo "1600"]
[Annotator "RC"]
[PlyCount "92"]
[EventDate "2024.04.07"]
[EventType "swiss"]
[EventCountry "IND"]
[SourceTitle "playchess.com"]
[Source "ChessBase"]
[SourceQuality "1"]
[TimeControl "5400+30"]

1. d4 d5 2. Nf3 Nf6 3. Bg5 e6 4. e3 Be7 5. Nbd2 Nbd7 6. Bd3 h6 7. Bh4 c5 8. c3 b6 9. O-O O-O 10. Ne5 Nxe5 11. dxe5 Nd7 12. Bg3 Bh4 13. f4 Bxg3 14. hxg3 Bb7 15. g4 f6 16. exf6 Qxf6 17. Nf3 Qe7 18. g5 hxg5 19. fxg5 e5 20. e4 c4 21. Be2 Qc5+ 22. Kh2 Rad8 23. Qe1 Qe3 24. exd5 Bxd5 25. Rd1 Nc5 26. Kh1 Qe4 27. g6 Nd3 28. Qg3 Nf4 29. Qh2 Qxg6 30. Rxd5 Nxd5 31. Bxc4 Rf4 32. Bb3 Qf5 33. Rd1 e4 34. Ng1 Rf1 35. Rxf1 Qxf1 36. Qe5 Qf7 37. c4 Nf6 38. c5 Nd5 39. c6 Kf8 40. Qh2 Qc7 41. Qh8+ Kf7 42. Qh5+ Ke6 43. Ne2 Qe5 44. Qh4 Rf8 45. c7 Kd7 46. Kg1 Nxc7 1/2-1/2

[Event "3rd Matrix Cup 2024"]
[Site "New Delhi"]
[Date "2024.04.07"]
[Round "2.8"]
[White "Abeer, Ali"]
[Black "Kishan Kumar"]
[Result "1/2-1/2"]
[ECO "D02"]
[WhiteElo "1701"]
[BlackElo "1933"]
[Annotator "RC"]
[PlyCount "60"]
[EventDate "2024.04.07"]
[EventType "swiss"]
[EventCountry "IND"]
[SourceTitle "playchess.com"]
[Source "ChessBase"]
[SourceQuality "1"]
[TimeControl "5400+30"]

1. d4 Nf6 2. Nf3 e6 3. Bf4 c5 4. e3 Nc6 5. c3 d5 6. Nbd2 Bd6 7. Bg3 O-O 8. Bd3 b6 9. O-O Bb7 10. Qe2 Rc8 11. Rac1 Bxg3 12. hxg3 Qd6 13. dxc5 Qxc5 14. e4 dxe4 15. Nxe4 Nxe4 16. Bxe4 g6 17. Rfd1 Qe7 18. Nd4 Na5 19. Qf3 Ba6 20. Nc6 Nxc6 21. Bxc6 Qc7 22. Be4 f5 23. Bc2 Bb7 24. Qe3 e5 25. f4 Rfe8 26. Rd2 Qc5 27. Bb3+ Kf8 28. Qxc5+ Rxc5 29. Rd7 Re7 30. Rcd1 Kg7 1/2-1/2

[Event "3rd Matrix Cup 2024"]
[Site "New Delhi"]
[Date "2024.04.07"]
[Round "3.1"]
[White "Aronyak Ghosh"]
[Black "Mahir Taneja"]
[Result "1-0"]
[ECO "E01"]
[WhiteElo "2517"]
[BlackElo "1718"]
[Annotator "TA"]
[PlyCount "83"]
[EventDate "2024.04.07"]
[EventType "swiss"]
[EventCountry "IND"]
[SourceTitle "playchess.com"]
[Source "ChessBase"]
[SourceQuality "1"]
[TimeControl "5400+30"]

1. Nf3 d5 2. g3 Nf6 3. Bg2 e6 4. O-O Bd6 5. c4 O-O 6. d4 c6 7. Nc3 Nbd7 8. Nd2 Re8 9. e4 dxe4 10. Ndxe4 Nxe4 11. Nxe4 {[%emt 0:00:08] White is slightly better.} Be7 12. Bf4 Nf6 13. Nc3 Bd6 {[%emt 0:17:37] [#]} (13... Qd7 $14) 14. Be5 $1 $16 Bxe5 15. dxe5 {[%emt 0:00:08] Qxd8 is the strong threat.} Qxd1 16. Raxd1 Nd7 17. f4 Nb6 18. b3 Kf8 19. Ne4 Ke7 {[%emt 0:01:33] Black is weak on the dark squares} 20. Rd4 Rd8 21. Nd6 Rb8 22. Rfd1 {[%emt 0:06:17][%cal Od6f5] Nf5+! would now be deadly. White has more active pieces.} Bd7 23. Ne4 Be8 {[%emt 0:00:55] [#]} (23... Rdc8 $16 24. g4 Rc7) 24. Rxd8 $1 $18 Rxd8 25. Rxd8 Kxd8 {[%emt 0:00:04][%mdl 4096] Endgame. KBN-KBN} 26. Nd6 Nc8 (26... f6 {was called for.} 27. Nxb7+ Kd7) 27. Nxb7+ Kc7 28. Nc5 Kb6 29. b4 Ne7 30. Be4 a5 31. a3 ({But not} 31. Bxh7 axb4 32. Ne4 (32. Na4+ Ka5 $18) 32... Ka5 $18) 31... axb4 32. axb4 h6 33. Kf2 f5 $2 (33... Ka7 34. Ke3 Ng8) 34. exf6 gxf6 35. Nxe6 Bf7 36. f5 Bxe6 37. fxe6 {[%emt 0:00:02] KB-KN} f5 38. Bf3 Kc7 39. c5 Ng6 40. Ke3 Nf8 41. e7 Nd7 42. e8=Q {[%emt 0:00:05] Weighted Error Value: White=0.03 (flawless) /Black=0.48.  Mistake:       	---       	Black=4      Inaccurate:     	White=1     	Black=2      OK:         	White=14    	Black=7      Best:        	White=2     	---        Strong:       	White=2     	---} 1-0